AoeStats
← Cerrahpaşalı Metin

Fortress

509710616Analyzed
4v4 RM · 6d ago on Sep 27, 2026· 63m 15s· 8 players
Game mode
Random Map
Map size
Huge
Population
200
Speed
Normal
Resources
Standard
Victory
Conquest
Starting age
Dark Age
Ending age
Imperial Age
RankedLock teamsTeams togetherTeam positionsShared explorationLock speedFull tech treeHidden civsTurbo modeCheats
Victory
Defeat
🇹🇷 Goths · Türkiye
1188
+10
🇹🇷 Hindustanis · Türkiye
996
+18
🇹🇷 Britons · Türkiye
996
+18
🇹🇷 Turks · Türkiye
972
+19
🇹🇷 Vikings · Türkiye
1111
-19
🇳🇱 Franks · Netherlands
1059
-17
🇹🇷 Danes · Türkiye
1031
-16
🇳🇱 Goths · Netherlands
974
-13
Oguzhan06
7:43 Feudal Age
9:12 Double-Bit Axe
10:01 Horse Collar
15:25 Castle Age
14:15 Loom
17:13 Gold Mining
19:00 Gold Shaft Mining
22:32 Imperial Age
20:43 Bow Saw
21:55 Stone Mining
25:51 Two-Man Saw
25:37 Fortified Wall
27:20 Wheelbarrow
26:31 Town Watch
27:59 Artillery
38:36 Padded Archer Armor
38:27 Fletching
38:47 Forging
38:57 Caravan
41:57 Conscription
41:06 Elite Janissary
41:54 Bodkin Arrow
45:09 Bracer
46:02 Leather Archer Armor
46:22 Iron Casting
46:13 Ballistics
46:14 Bombard Tower
57:12 Hand Cart
56:58 Town Patrol
57:01 Heavy Plow
Cerrahpaşalı Metin
0:29 Loom
6:42 Feudal Age
7:15 Double-Bit Axe
7:11 Horse Collar
12:11 Bloodlines
14:16 Castle Age
13:17 Bloodlines
14:27 Town Watch
15:33 Husbandry
27:00 Imperial Age
25:10 Light Cavalry
28:28 Fletching
28:45 Shatagni
30:21 Chemistry
29:34 Fortified Wall
29:19 Murder Holes
29:22 Bodkin Arrow
29:28 Padded Archer Armor
34:47 Light Cavalry
40:09 Forging
40:06 Scale Barding Armor
48:00 Hussar
zeron
4:00 Loom
8:30 Feudal Age
9:12 Feudal Age
10:24 Double-Bit Axe
10:23 Horse Collar
13:11 Castle Age
14:29 Bow Saw
15:28 Heavy Plow
15:45 Squires
15:05 Man-at-Arms
19:49 Wheelbarrow
18:59 Town Watch
23:53 Long Swordsman
28:17 Imperial Age
25:51 Scale Mail Armor
27:58 Forging
28:03 Chain Mail Armor
27:45 Gold Mining
28:21 Stone Mining
29:17 Iron Casting
28:19 Two-Handed Swordsman
29:12 Champion
34:02 Blast Furnace
35:33 Perfusion
35:57 Conscription
38:27 Pikeman
39:22 Caravan
40:52 Stone Shaft Mining
40:24 Halberdier
46:18 Chemistry
59:22 Coinage
59:02 Guilds
Cerrahpaşalı Halit
6:12 Feudal Age
10:30 Double-Bit Axe
11:35 Loom
17:18 Castle Age
16:21 Horse Collar
21:21 Gold Mining
23:20 Gold Shaft Mining
24:30 Murder Holes
24:41 Padded Archer Armor
24:31 Fletching
30:23 Fortified Wall
32:04 Yeomen
32:27 Bodkin Arrow
32:48 Leather Archer Armor
47:28 Imperial Age
46:11 Pikeman
46:51 Squires
47:46 Ballistics
48:29 Wheelbarrow
49:09 Ring Archer Armor
48:41 Bracer
51:34 Chemistry
51:11 Elite Longbowman
53:13 Scale Mail Armor
53:24 Forging
53:03 Gambesons
53:03 Arson
54:24 Caravan
55:39 Bow Saw
57:00 Halberdier
58:02 Chain Mail Armor
58:23 Iron Casting
58:05 Hand Cart
58:12 Conscription
59:07 Warwolf
Apple Juiz
5:35 Loom
7:23 Feudal Age
8:28 Feudal Age
9:32 Double-Bit Axe
9:44 Horse Collar
12:34 Castle Age
16:04 Anarchy
17:10 Bow Saw
17:08 Heavy Plow
18:20 Wheelbarrow
19:55 Gold Mining
21:09 Loom
23:32 Hand Cart
24:17 Caravan
24:30 Caravan
28:37 Imperial Age
27:20 Pikeman
28:01 Squires
27:21 Man-at-Arms
29:41 Conscription
29:30 Scale Mail Armor
29:41 Forging
28:58 Long Swordsman
31:59 Chain Mail Armor
32:19 Iron Casting
31:52 Long Swordsman
32:37 Fletching
32:27 Two-Handed Swordsman
33:11 Perfusion
33:09 Champion
35:53 Chemistry
49:37 Crop Rotation
50:33 Elite Skirmisher
56:07 Blast Furnace
55:02 Bodkin Arrow
55:08 Padded Archer Armor
Daklozenkrant
4:03 Loom
6:26 Feudal Age
4:49 Loom
10:32 Town Watch
13:20 Castle Age
11:08 Town Watch
14:16 Fletching
15:51 Padded Archer Armor
15:48 Bodkin Arrow
27:16 Town Patrol
28:02 Wheelbarrow
27:48 Husbandry
29:43 Ordonnance Companies
32:17 Caravan
34:04 Scale Barding Armor
34:09 Forging
34:15 Leather Archer Armor
36:34 Imperial Age
35:25 Hand Cart
38:55 Cavalier
40:05 Chain Barding Armor
40:21 Iron Casting
39:09 Cranequins
39:33 Capped Ram
43:19 Masonry
43:30 Ballistics
44:14 Chemistry
44:19 Paladin
50:30 Elite Skirmisher
54:16 Light Cavalry
ozeton
8:09 Feudal Age
9:11 Double-Bit Axe
9:08 Horse Collar
13:36 Castle Age
12:12 Fletching
12:22 Scale Mail Armor
12:32 Forging
12:22 Gold Mining
12:53 Arson
15:25 Heavy Plow
15:53 Squires
17:22 Bow Saw
18:30 Chain Mail Armor
18:50 Iron Casting
19:01 Bodkin Arrow
26:12 Imperial Age
25:57 Chieftains
27:30 Plate Mail Armor
28:00 Blast Furnace
26:36 Elite Varangian Guard
26:43 Capped Ram
29:31 Two-Man Saw
28:22 Siege Ram
30:26 Siege Engineers
33:03 Stone Mining
34:51 Conscription
35:10 Ballistics
35:01 Masonry
37:38 Bracer
37:36 Murder Holes
38:44 Chemistry
38:15 Architecture
48:02 Gold Shaft Mining
49:09 Hoardings
48:30 Guard Tower
48:48 Arrowslits
berker06ankara
8:59 Feudal Age
10:15 Double-Bit Axe
12:57 Castle Age
10:49 Horse Collar
12:27 Wheelbarrow
13:07 Stone Mining
13:15 Gold Mining
16:14 Loom
16:41 Forging
19:01 Town Watch
19:53 Iron Casting
20:41 Hamask
21:55 Scale Mail Armor
23:12 Squires
24:59 Chain Mail Armor
26:55 Padded Archer Armor
27:25 Arson
29:49 Heavy Plow
30:01 Bow Saw
31:14 Fletching
34:39 Town Patrol
36:01 Leather Archer Armor
39:45 Imperial Age
38:06 Bodkin Arrow
39:20 Scale Barding Armor
41:06 Ring Archer Armor
41:07 Plate Mail Armor
41:38 Blast Furnace
40:01 Elite Jomsviking
41:13 Bracer
40:38 Elite Skirmisher
41:27 Thumb Ring
42:29 Northmen's Fury
45:10 Chemistry
46:03 Chain Barding Armor
52:30 Hand Cart
52:52 Plate Barding Armor
Connection lost

Rejoining the realm…

Still unreachable

The connection could not be restored.

Session expired

The server has moved on; the page needs a fresh start.